 Dungeon Crawl Stone Soup version 0.22-a0-456-g11ed031617 (webtiles) character file.

147 Banto the Insei (level 5, 0/33 HPs)
             Began as an Octopode Transmuter on June 7, 2018.
             Was an Initiate of Cheibriados.
             Slain by a centaur skeleton (4 damage)
             ... on level 4 of the Dungeon.
             The game lasted 00:05:36 (3157 turns).

Banto the Insei (Octopode Transmuter)               Turns: 3157, Time: 00:05:36

Health: 0/33       AC:  2    Str: 10    XL:     5   Next: 29%
Magic:  2/8        EV: 20    Int: 16    God:    Cheibriados [......]
Gold:   82         SH:  0    Dex: 20    Spells: 2/8 levels left

rFire    . . .     SeeInvis +     - Unarmed
rCold    . . .     Gourm    .   (shield currently unavailable)
rNeg     . . .     Faith    .   (helmet currently unavailable)
rPois    x         Spirit   .   (no amulet)
rElec    .         Reflect  .   (no ring)
rCorr    .         Harm     .   (no ring)
MR       .....     Clarity  +   (no ring)
Stlth    ++........             (no ring)
HPRegen  0.11/turn              (no ring)
MPRegen  0.11/turn              (no ring)
                                (no ring)
                                (no ring)

@: spider-form, very slightly contaminated, very slow
A: tiny, almost no armour, stealthy swim, (amphibious), 8 rings, (constrict 8),
see invisible, clarity
a: End Transformation, Bend Time, Renounce Religion


You were on level 4 of the Dungeon.
You worshipped Cheibriados.
Cheibriados was noncommittal.
You were not hungry.
You were a venomous arachnid creature.
You visited 2 branches of the dungeon, and saw 5 of its levels.

You collected 127 gold pieces.
You spent 45 gold pieces at shops.

Inventory:

Missiles
 a - 22 arrows
 f - 169 stones (quivered)
Armour
 p - a +0 buckler
Scrolls
 b - 2 scrolls of remove curse
 e - a scroll of magic mapping
 o - a scroll of amnesia
Potions
 d - a potion of might
 g - 3 potions of heal wounds
 h - a potion of flight
 j - a potion of degeneration {unknown}
 k - 4 potions of invisibility
 m - a potion of curing
 n - a potion of brilliance {unknown}
 q - a potion of magic {unknown}
Comestibles
 c - 7 rations


   Skills:
 - Level 1.0 Fighting
 - Level 2.0 Dodging
 + Level 4.6 Unarmed Combat
 - Level 2.0 Spellcasting
 + Level 4.0 Transmutations


You had 2 spell levels left.
You knew the following spells:

 Your Spells              Type           Power        Failure   Level  Hunger
a - Beastly Appendage     Tmut           ##....       13%         1    #......
b - Sticks to Snakes      Tmut           ##......     17%         2    ###....
c - Spider Form           Tmut/Pois      #.........   47%         3    ###....

Your spell library contained the following spells:

 Spells                   Type           Power        Failure   Level  Hunger
 Blade Hands              Tmut           ##........   88%         5    ######.
 Ice Form                 Ice/Tmut       #.......     83%         4    #####..


Dungeon Overview and Level Annotations

Branches:
Dungeon (4/15)             Temple (1/1) D:4

Altars:
Cheibriados
Dithmenos
Elyvilon
Fedhas
Gozag
Hepliaklqana
Kikubaaqudgha
Makhleb
Nemelex Xobeh
Okawaru
Qazlal
Trog
Uskayaw
Wu Jian
Xom
Yredelemnul
Zin
The Shining One

Shops:
D:4 ?

Annotations:
D:3 exclusion: door


Innate Abilities, Weirdness & Mutations

You cannot wear most types of armour.
You are very stealthy in the water. (Stealth+)
((You are amphibious.))
You can wear up to eight rings at the same time.
((You can use your tentacles to constrict eight enemies at once.))
((Your skin changes colour to match your surroundings (Stealth+).))
((Your rubbery body absorbs attacks. (AC +1, EV +1)))
You have supernaturally acute eyesight. (SInv)
You possess an exceptional clarity of mind.


Message History

Nothing appears to happen.
The centaur skeleton hits you! The centaur skeleton hits you.
You take 9 damage, and have 19/33 hp.
MASSIVE DAMAGE!!
You now have 5/8 mp.
You tentacle-slap the centaur skeleton but do no damage.
The centaur skeleton hits you.
You take 3 damage, and have 16/33 hp.
You tentacle-slap the centaur skeleton.
The centaur skeleton is lightly damaged.
The centaur skeleton barely misses you.
Casting: Spider Form (safe; 26% risk of failure)
Confirm with . or Enter, or press ? or * to list all spells.
You turn into a venomous arachnid creature.
The centaur skeleton hits you.
You take 6 damage, and have 10/33 hp.
You now have 2/8 mp.
You hit the centaur skeleton.
The centaur skeleton is lightly damaged.
The centaur skeleton hits you.
* * * LOW HITPOINT WARNING * * *
The centaur skeleton hits you.
You die...

#........##
#..###....#
#....#
###..##
#...# ###.#
#.# ###.#
#s..# #Z###
#..o# #.#.#
.....# #.#
.## #. .. #
##


You could see an orc wizard and a centaur skeleton.

Vanquished Creatures
  A worker ant (D:4)
  3 adders
  An ooze (D:2)
  A worm (D:3)
  5 dart slugs
  3 leopard geckos
  2 orcs
  12 bats
  3 giant cockroaches (D:2)
  9 goblins
  6 hobgoblins
  6 jackals
  7 kobolds
  A quokka (D:2)
  A ball python skeleton (D:4)
  3 frilled lizards
  A quokka skeleton (D:4)
  8 rats
73 creatures vanquished.

Notes
Turn   | Place    | Note
-------+----------+-------------------------------------------
     0 | D:1      | Banto the Octopode Transmuter began the quest for the Orb.
     0 | D:1      | Reached XP level 1. HP: 13/13 MP: 3/3
   214 | D:1      | Reached XP level 2. HP: 9/18 MP: 5/5
   487 | D:2      | Reached XP level 3. HP: 13/23 MP: 4/6
  1216 | D:2      | Found a hide-covered altar of Uskayaw.
  1291 | D:2      | Reached XP level 4. HP: 28/28 MP: 7/7
  1656 | D:2      | Found a sparkling altar of Nemelex Xobeh.
  1773 | D:3      | Learned a level 2 spell: Sticks to Snakes
  1777 | D:3      | Learned a level 3 spell: Spider Form
  1920 | D:3      | Noticed a hippogriff
  2542 | D:4      | Found a staircase to the Ecumenical Temple.
  2553 | Temple   | Entered the Ecumenical Temple
  2685 | Temple   | Became a worshipper of Cheibriados the Contemplative
  2883 | D:4      | Gained mutation: You have supernaturally acute eyesight. (SInv) [potion of mutation]
  2883 | D:4      | Gained mutation: You possess an exceptional clarity of mind. [potion of mutation]
  2892 | D:4      | Found Raxacsar's Magic Scroll Shoppe.
  2898 | D:4      | Bought a scroll of magic mapping for 45 gold pieces
  2904 | D:4      | Reached XP level 5. HP: 33/33 MP: 8/8
  3157 | D:4      | Slain by a centaur skeleton

Vault maps used:
D:1:      tarquinn_simple_flora_water_e
D:2:      eat_drink_and_be_merry_uskayaw, corexii_shack, grunt_ministairs_8,
          kennysheep_cluttered_room, nemelex_dance_club_becter
D:3:      bh_chokoban, uniq_terence
D:4:      temple_pool_b, serial_shops, shop, minmay_quantized
Temple:   nicolae_temple_elliptical

Skill      XL: |  1  2  3  4  5 |
---------------+----------------+-----
Transmutations | 3 4 |  4.0
Unarmed Combat | 4 |  4.6
Fighting       | |  1.0
Dodging        | |  2.0
Spellcasting   | |  2.0

Action                   |  1- 3 |  4- 6 || total
-------------------------+-------+-------++-------
Melee: Unarmed           |   104 |    68 ||   172
       Constrict         |    26 |    21 ||    47
       Tentacles         |    16 |    12 ||    28
       Kick              |     3 |       ||     3
       Punch             |     1 |     3 ||     4
 Cast: Beastly Appendage |     3 |       ||     3
       Sticks to Snakes  |       |     3 ||     3
       Spider Form       |       |     1 ||     1
  Use: Scroll            |     4 |     8 ||    12
       Potion            |       |     1 ||     1
 Stab: Sleeping          |     1 |    11 ||    12
  Eat: Chunk             |     1 |     3 ||     4
       Ration            |       |     1 ||     1
Armor: Skin              |    13 |     1 ||    14
Dodge: Dodged            |    97 |    29 ||   126

Table legend:
 A = Spawn XP
 B = Non-spawn XP
 C = Spawn XP percentage of total XP
 D = Spawn monster count
 E = Non-spawn monster count
 F = Spawn count percentage of total count
 G = Total turns spent on level
                    A         B        C        D         E        F      G
               +---------+---------+-------+---------+---------+-------+---------
         Total |       0 |     211 |   0.0 |       0 |      73 |   0.0 |  3157
               +---------+---------+-------+---------+---------+-------+---------
           D:1 |       0 |      63 |   0.0 |       0 |      31 |   0.0 |   940
           D:2 |       0 |      46 |   0.0 |       0 |      23 |   0.0 |   756
           D:3 |       0 |      46 |   0.0 |       0 |      12 |   0.0 |   577
           D:4 |       0 |      56 |   0.0 |       0 |       7 |   0.0 |   733
               +---------+---------+-------+---------+---------+-------+---------

Table legend:
 A = Turns spent in this place as a percentage of turns spent in the entire game.
 B = Non-inter-level travel turns spent in this place as a percentage of non-inter-level travel turns spent in the entire game.
 C = Inter-level travel turns spent in this place as a percentage of turns spent in this place.
 D = Turns resting spent in this place as a percentage of non-inter-level travel turns spent in this place.
 E = Turns spent auto-exploring this place as a percentage of non-inter-level travel turns spent in this place.
 F = Non-inter-level travel turns spent in this place divided by the number of levels of this place that you've seen.
                   A       B       C       D       E      F
               +-------+-------+-------+-------+-------+----------------------
         Total | 100.0 | 100.0 |   2.6 |  38.4 |  38.0 | 614.8
       Dungeon |  95.2 |  96.1 |   1.8 |  40.0 |  35.6 | 738.2
        Temple |   4.8 |   3.9 |  19.9 |   0.0 |  96.7 | 121.0
               +-------+-------+-------+-------+-------+----------------------

Table legend:
 A = Kills in this place as a percentage of kills in entire the game.
 B = Kills by you in this place as a percentage of kills by you in the entire game.
 C = Kills by friends in this place as a percentage of kills by friends in the entire game.
 D = Other kills in this place as a percentage of other kills in the entire game.
 E = Experience gained in this place as a percentage of experience gained in the entire game.
 F = Experience gained in this place divided by the number of levels of this place that you have seen.
                   A       B       C       D       E      F
               +-------+-------+-------+-------+-------+----------------------
         Total | 100.0 | 100.0 |   N/A |   N/A | 100.0 |  42.2
       Dungeon | 100.0 | 100.0 |   N/A |   N/A | 100.0 |  52.8
               +-------+-------+-------+-------+-------+----------------------
